 Dungeon Crawl Stone Soup version 0.22-a0-402-ga933591 (webtiles) character file.

147 Mgcat the Ruffian (level 5, -1/46 HPs)
             Began as a Naga Transmuter on May 7, 2018.
             Slain by a scorpion (6 damage)
             ... on level 3 of the Dungeon.
             The game lasted 00:08:10 (2258 turns).

Mgcat the Ruffian (Naga Transmuter)                 Turns: 2258, Time: 00:08:11

Health: -1/46      AC:  3    Str: 13    XL:     5   Next: 29%
Magic:  9/9        EV: 10    Int: 19    God:
Gold:   109        SH:  0    Dex: 11    Spells: 3/9 levels left

rFire    . . .     SeeInvis +     - Unarmed
rCold    . . .     Gourm    .   (no shield)
rNeg     . . .     Faith    .   b - +0 robe
rPois    +         Spirit   .   i - +0 helmet
rElec    .         Reflect  .   (no cloak)
rCorr    .         Harm     .   (no gloves)
MR       .....                  (no barding)
Stlth    +.........             (no amulet)
HPRegen  0.15/turn              (no ring)
MPRegen  0.11/turn              (no ring)

@: brilliant, short of breath, very slow
A: large, see invisible, deformed body, poison resistance, slowness 2, slow
metabolism 1, spit poison 1, AC +1
a: Spit Poison


You were on level 3 of the Dungeon.
You were hungry.

You visited 1 branch of the dungeon, and saw 3 of its levels.

You collected 109 gold pieces.

Inventory:

Missiles
 a - 74 arrows
Armour
 b - a +0 robe (worn)
 i - a +0 helmet (worn)
   (You found it on level 1 of the Dungeon)
Wands
 o - a wand of acid (9)
   (You found it on level 3 of the Dungeon)
Scrolls
 g - 3 scrolls of identify {unknown}
 l - a scroll of remove curse {unknown}
 m - a scroll of enchant armour {unknown}
 n - a scroll of teleportation {unknown}
Potions
 c - a potion of heal wounds {unknown}
 e - a potion of mutation {unknown}
 h - a potion of berserk rage {unknown}
 j - a potion of brilliance
 k - a potion of ambrosia {unknown}
Comestibles
 d - 3 rations
 f - 3 chunks of flesh {@w0}


   Skills:
 + Level 2.4 Fighting
 - Level 1.5 Dodging
 + Level 3.7 Unarmed Combat
 + Level 2.9 Spellcasting
 + Level 3.0 Transmutations
 + Level 1.4 Poison Magic


You had 3 spell levels left.
You knew the following spells:

 Your Spells              Type           Power        Failure   Level  Hunger
a - Beastly Appendage     Tmut           ####..       1%          1    None
b - Sticks to Snakes      Tmut           ####....     1%          2    ##.....
c - Spider Form           Tmut/Pois      ###.......   2%          3    ###....


Dungeon Overview and Level Annotations

Branches:
Dungeon (3/15)

Altars:
Qazlal


Innate Abilities, Weirdness & Mutations

You cannot wear boots.
Your serpentine skin is tough. (AC +1)
You have supernaturally acute eyesight. (SInv)
Armour fits poorly on your strangely shaped body.
Your system is resistant to poisons. (rPois)
You cover ground very slowly.
You have a slow metabolism.
You can spit poison.


Message History

Things that are here:
a flail of crushing; a chain mail; a falchion
Found a smoky amethyst potion.
Found a stone staircase leading down.
Items here: ) ÷ †† a club; a hobgoblin corpse; an adder corpse; a hobgoblin skeleton You butcher the hobgoblin corpse.
f - 9 chunks of flesh {@w0} (gained 3)
You butcher the adder corpse.
f - 11 chunks of flesh {@w0} (gained 2)
Items here: ) ÷÷÷ a club; a hobgoblin skeleton; an adder skeleton; a hobgoblin skeleton
Items here: ) ÷÷÷ a club; a hobgoblin skeleton; an adder skeleton; a hobgoblin skeleton
a - 74 arrows (gained 19)
A worm comes into view.
Press: ? - help, Shift-Dir - straight line, f - worm
Aim: a worm The splash of poison hits the worm.
The worm is poisoned.
The worm is heavily wounded.
You are feeling hungry.
Some of the chunks of flesh in your inventory have rotted away.
You hit the worm but do no damage.
The worm is heavily wounded.
The worm looks more healthy.
The worm bites you!
You punch the worm!
The worm is almost dead.
You hit the worm.
You kill the worm!
You have got your breath back.
Some of the chunks of flesh in your inventory have rotted away.
There is an escape hatch in the ceiling here.
A mysterious force pulls you upwards. The hatch slams shut behind you.
There is a stone staircase leading down here.
You climb downwards.
A bat and a scorpion come into view.
There is a stone staircase leading up here.
Press: ? - help, Shift-Dir - straight line, f - bat
Aim: a bat The splash of poison misses the bat.
You feel slightly more hungry. The bat hits you but does no damage.
The bat hits you but does no damage. The bat barely misses you.
You closely miss the bat. The bat closely misses you.
The scorpion closely misses you.
You barely miss the bat. The bat misses you. The scorpion stings you.
You closely miss the scorpion. The scorpion stings you. The bat hits you.
You closely miss the scorpion.
You have got your breath back.
The bat hits you. The scorpion stings you.
Press: ? - help, Shift-Dir - straight line, f/p - bat
Aim: a bat The splash of poison hits the bat.
The bat is poisoned.
You kill the bat!
You feel slightly more hungry. The scorpion stings you.
You hit the scorpion but do no damage. The scorpion stings you.
You closely miss the scorpion. You hit the scorpion but do no damage.
The scorpion closely misses you.
You closely miss the scorpion. The scorpion misses you.
You hit the scorpion.
The scorpion is moderately wounded.
The scorpion stings you but does no damage.
You hit the scorpion.
The scorpion is moderately wounded.
The scorpion misses you.
You hit the scorpion.
The scorpion is heavily wounded.
You have got your breath back.
The scorpion closely misses you.
Press: ? - help, Shift-Dir - straight line, f - scorpion
Aim: a scorpion (heavily wounded)
The splash of poison misses the scorpion.
You feel slightly more hungry. The scorpion barely misses you.
You hit the scorpion but do no damage.
The scorpion is heavily wounded.
The scorpion stings you!
You closely miss the scorpion.
The scorpion is heavily wounded.
The scorpion barely misses you.
You hit the scorpion.
The scorpion is heavily wounded.
The scorpion stings you.
You hit the scorpion.
The scorpion is severely wounded.
You have got your breath back.
The scorpion barely misses you.
Press: ? - help, Shift-Dir - straight line, f/p - scorpion
Aim: a scorpion (severely wounded)
The splash of poison misses the scorpion.
You feel slightly more hungry. The scorpion stings you.
You barely miss the scorpion.
The scorpion is severely wounded.
The scorpion stings you!
* * * LOW HITPOINT WARNING * * *
It was a potion of brilliance.
You feel clever all of a sudden.
The scorpion stings you but does no damage.
You barely miss the scorpion.
The scorpion is severely wounded.
The scorpion stings you.
You die...

###### #.....#
.....?.##
........#
.....?..#
........#
......s.#
.....†.@#
...............
.......#######.
......# .#...#
#... .... #...


You could see a scorpion.

Vanquished Creatures
  Terence (D:3)
  4 adders
  An ooze (D:1)
  A worm (D:3)
  3 dart slugs (D:1)
  An orc (D:3)
  9 bats
  3 giant cockroaches
  6 goblins
  11 hobgoblins
  10 jackals
  9 kobolds
  2 frilled lizards
  5 rats
66 creatures vanquished.

Notes
Turn   | Place    | Note
-------+----------+-------------------------------------------
     0 | D:1      | Mgcat the Naga Transmuter began the quest for the Orb.
     0 | D:1      | Reached XP level 1. HP: 18/18 MP: 3/3
   246 | D:1      | Reached XP level 2. HP: 20/25 MP: 5/5
   293 | D:1      | Learned a level 2 spell: Sticks to Snakes
   389 | D:1      | Reached XP level 3. HP: 30/31 MP: 6/6
   664 | D:1      | Reached skill level 2 in Fighting
   664 | D:1      | Reached XP level 4. HP: 22/39 MP: 7/7
  1151 | D:2      | Learned a level 3 spell: Spider Form
  1259 | D:2      | Found a stormy altar of Qazlal.
  1960 | D:3      | Reached skill level 1 in Poison Magic
  1971 | D:3      | Noticed Terence
  1986 | D:3      | Reached skill level 3 in Transmutations
  1986 | D:3      | Reached XP level 5. HP: 19/45 MP: 9/9
  2000 | D:3      | HP: 9/45 [Terence/flail of crushing (3)]
  2001 | D:3      | Killed Terence
  2256 | D:3      | HP: 5/46 [scorpion (9)]
  2258 | D:3      | Slain by a scorpion

Vault maps used:
D:1:      dpeg_arrival_lava_temple_mockup, minmay_heptomino_w4
D:2:      grunt_qazlal_sundering
D:3:      first_ration, wad_rectangle_vault, uniq_terence

Skill      XL: |  1  2  3  4 |
---------------+-------------+-----
Fighting       | 2 |  2.4
Poison Magic   | 1 |  1.4
Transmutations | 3 |  3.0
Dodging        | |  1.5
Unarmed Combat | |  3.7
Spellcasting   | |  2.9

Action                   |  1- 3 |  4- 6 || total
-------------------------+-------+-------++-------
Melee: Unarmed           |    85 |    87 ||   172
       Punch             |     2 |       ||     2
 Cast: Beastly Appendage |     2 |       ||     2
 Abil: Spit Poison       |    30 |    27 ||    57
  Use: Potion            |       |     3 ||     3
  Eat: Chunk             |     1 |     5 ||     6
Armor: Robe              |    43 |    20 ||    63
Dodge: Dodged            |    53 |    49 ||   102

Table legend:
 A = Spawn XP
 B = Non-spawn XP
 C = Spawn XP percentage of total XP
 D = Spawn monster count
 E = Non-spawn monster count
 F = Spawn count percentage of total count
 G = Total turns spent on level
                    A         B        C        D         E        F      G
               +---------+---------+-------+---------+---------+-------+---------
         Total |       0 |     210 |   0.0 |       0 |      66 |   0.0 |  2258
               +---------+---------+-------+---------+---------+-------+---------
           D:1 |       0 |      87 |   0.0 |       0 |      42 |   0.0 |  1115
           D:2 |       0 |      33 |   0.0 |       0 |      12 |   0.0 |   819
           D:3 |       0 |      90 |   0.0 |       0 |      12 |   0.0 |   324
               +---------+---------+-------+---------+---------+-------+---------

Vault maps used:
D:1:      dpeg_arrival_lava_temple_mockup, minmay_heptomino_w4
D:2:      grunt_qazlal_sundering
D:3:      first_ration, wad_rectangle_vault, uniq_terence

Table legend:
 A = Turns spent in this place as a percentage of turns spent in the entire game.
 B = Non-inter-level travel turns spent in this place as a percentage of non-inter-level travel turns spent in the entire game.
 C = Inter-level travel turns spent in this place as a percentage of turns spent in this place.
 D = Turns resting spent in this place as a percentage of non-inter-level travel turns spent in this place.
 E = Turns spent auto-exploring this place as a percentage of non-inter-level travel turns spent in this place.
 F = Non-inter-level travel turns spent in this place divided by the number of levels of this place that you've seen.
                   A       B       C       D       E      F
               +-------+-------+-------+-------+-------+----------------------
         Total | 100.0 | 100.0 |   4.6 |   0.0 |  80.5 | 718.3
       Dungeon | 100.0 | 100.0 |   4.6 |   0.0 |  80.5 | 718.3
               +-------+-------+-------+-------+-------+----------------------

Table legend:
 A = Kills in this place as a percentage of kills in entire the game.
 B = Kills by you in this place as a percentage of kills by you in the entire game.
 C = Kills by friends in this place as a percentage of kills by friends in the entire game.
 D = Other kills in this place as a percentage of other kills in the entire game.
 E = Experience gained in this place as a percentage of experience gained in the entire game.
 F = Experience gained in this place divided by the number of levels of this place that you have seen.
                   A       B       C       D       E      F
               +-------+-------+-------+-------+-------+----------------------
         Total | 100.0 | 100.0 |   N/A |   N/A | 100.0 |  70.0
       Dungeon | 100.0 | 100.0 |   N/A |   N/A | 100.0 |  70.0
               +-------+-------+-------+-------+-------+----------------------
